 Dungeon Crawl Stone Soup version 0.26-a0-850-g97a50ab700 (webtiles) character file.

Game seed: 2080876423347937479

533 dickylongcocking the Stinger (level 7, -3/52 HPs)
             Began as a Formicid Venom Mage on Nov 21, 2020.
             Was an Initiate of Gozag.
             Slain by a bullfrog zombie (5 damage)
             ... on level 7 of the Dungeon.
             The game lasted 00:04:59 (5338 turns).

dickylongcocking the Stinger (Formicid Venom Mage)  Turns: 5338, Time: 00:05:00

Health: -3/52      AC:  3    Str: 10 (12) XL:     7   Next: 49%
Magic:  19/19      EV:  8    Int: 16 (17) God:    Gozag
Gold:   237        SH:  8    Dex: 11 (13) Spells: 5/10 levels left

rFire    + . .     SeeInvis +   k - +0 rapier (drain)
rCold    + . .     Faith    .   i - +0 kite shield
rNeg     . . .     Spirit   .   f - +0 ring mail
rPois    .         Reflect  .   (helmet unavailable)
rElec    .         Harm     .   q - scarf {rC+ rF+}
rCorr    .         Rampage  .   (no gloves)
MR       .....                  (no boots)
Stlth    +.........             (no amulet)
HPRegen  0.17/turn              j - ring of flight
MPRegen  0.16/turn              p - ring of magical power

@: no status effects
A: permanent stasis, dig shafts and tunnels, four strong arms, antennae 3, agile
1, deformed body
a: Dig, Shaft Self, Potion Petition, Call Merchant, Bribe Branch, Renounce
Religion, Evoke Flight


You were on level 7 of the Dungeon.
You worshipped Gozag.
Gozag was aware of your devotion.
You visited 1 branch of the dungeon, and saw 5 of its levels.

You collected 728 gold pieces.
You paid 491 gold pieces to Gozag.

Inventory:

Hand Weapons
 c - a +0 short sword
 h - a +0 whip
 k - a +0 rapier of draining (weapon)
Armour
 a - a +0 robe
 f - a +0 ring mail (worn)
 i - a +0 kite shield (worn)
 m - a +0 buckler
 o - a +0 cloak
 q - a scarf of resistance (worn)
Jewellery
 j - a ring of flight (left hand)
 p - a ring of magical power (right hand)
Scrolls
 b - 7 scrolls of identify
 n - 2 scrolls of remove curse
Potions
 e - a potion of haste
 t - 2 potions of brilliance


   Skills:
 * Level 3.3 Fighting
 * Level 4.2 Armour
 - Level 1.8 Dodging
 - Level 2.4 Stealth
 * Level 2.8 Shields
 - Level 2.4 Spellcasting
 - Level 1.1 Transmutations
 * Level 6.9 Poison Magic


You had 5 spell levels left.
You knew the following spells:

 Your Spells              Type           Power        Failure   Level
a - Sting                 Tmut/Pois      ##..         34%         1
b - Olgreb's Toxic Radia  Pois           ###.....     71%         4

Your spell library contained the following spells:

 Spells                   Type           Power        Failure   Level
 Poisonous Vapours        Pois/Air       ##....       54%         2
 Ignite Poison            Fire/Tmut/Pois ##......     88%         3
 Mephitic Cloud           Conj/Pois/Air  #.......     91%         3
 Confusing Touch          Hex            #.......     99%         3
 Gell's Gravitas          Tloc           #.........   99%         3
 Petrify                  Tmut/Erth      #.......     100%        4
 Metabolic Englaciation   Hex/Ice        #.........   100%        5
 Yara's Violent Unravell  Hex/Tmut       #.........   100%        5


Dungeon Overview and Level Annotations

Branches:
Dungeon (4/15)
 Temple: D:4-7

Altars:
Gozag


Innate Abilities, Weirdness & Mutations

You cannot be hasted, slowed, berserked, paralysed or teleported.
You can dig through walls and to a lower floor.
Your four strong arms can wield two-handed weapons with a shield.
You have a pair of large antennae on your head. (SInv)
You are agile. (Dex +2)
Armour fits poorly on your strangely shaped body.


Message History

You hit the bullfrog zombie but do no damage.
The bullfrog zombie is severely damaged.
The bullfrog zombie hits you but does no damage.
The bullfrog zombie hits you.
* * * LOW HITPOINT WARNING * * *
Unknown command.
You hit the bullfrog zombie but do no damage.
The bullfrog zombie is severely damaged.
The bullfrog zombie hits you.
* * * LOW HITPOINT WARNING * * *
Unknown command.
You hit the bullfrog zombie.
The bullfrog zombie is severely damaged.
The bullfrog zombie barely misses you. The bullfrog zombie closely misses you.
Unknown command.
You puncture the bullfrog zombie!
The bullfrog zombie is almost destroyed.
The bullfrog zombie hits you.
You die...
Your body crumbles into a pile of gold.

######. ### # ..# .# .. # #.# ..
... ##### #.# .# #.# ....# #.#
..... #.#.#####.#### .#.# .
##...........## ... ...
##...........###########.#....#
##.#####.#...#..@Z..............
#.## #........#########.#.#...
.## #.##.##.## ... ## ##.#.#.##
.#.# # #...## ..#.. ##.## .# #^#
#.# .. ... #.. $ .. .. ###


You could see a bullfrog zombie.

Vanquished Creatures
  A centaur zombie (D:7)
  2 hounds
  An orc priest (D:2)
  An orc wizard (D:3)
  2 iguanas
  2 worker ants (D:4)
  A hound skeleton (D:4)
  4 gnolls (D:4)
  11 adders
  An ooze (D:2)
  3 worms
  3 dart slugs
  5 leopard geckos
  8 orcs
  10 bats
  6 giant cockroaches
  15 goblins
  15 hobgoblins
  9 kobolds
  A ball python (D:2)
  3 frilled lizards
  4 rats
108 creatures vanquished.

Notes
Turn   | Place    | Note
-------+----------+-------------------------------------------
     0 | D:1      | dickylongcocking the Formicid Venom Mage began the quest
                  | for the Orb.
     0 | D:1      | Reached XP level 1. HP: 13/13 MP: 3/3
   158 | D:1      | Reached XP level 2. HP: 19/19 MP: 1/5
   783 | D:1      | Reached skill level 1 in Armour
   938 | D:1      | Reached XP level 3. HP: 24/24 MP: 6/6
  1235 | D:2      | Reached skill level 5 in Poison Magic
  1390 | D:2      | Reached XP level 4. HP: 20/30 MP: 7/7
  1785 | D:2      | Found an opulent altar of Gozag.
  1796 | D:2      | Became a worshipper of Gozag Ym Sagoz the Greedy
  2148 | D:2      | Reached XP level 5. HP: 36/36 MP: 8/8
  2499 | D:2      | Learned a level 4 spell: Olgreb's Toxic Radiance
  2525 | D:2      | Reached skill level 1 in Shields
  2586 | D:3      | Reached skill level 1 in Fighting
  2756 | D:2      | Reached XP level 6. HP: 41/43 MP: 9/9
  2903 | D:3      | Reached skill level 6 in Poison Magic
  4123 | D:4      | Reached XP level 7. HP: 45/51 MP: 10/10
  4837 | D:4      | Gained mutation: Armour fits poorly on your strangely
                  | shaped body. [potion of mutation]
  4837 | D:4      | Gained mutation: You are agile. (Dex +2) [potion of
                  | mutation]
  4848 | D:4      | You fall into a shaft and drop 3 floors!
  5336 | D:7      | HP: 2/52 [bullfrog zombie (2)]
  5338 | D:7      | Slain by a bullfrog zombie

Illustrated notes

Levels and vault maps discovered:
D:1:      tarquinn_simple_flora_water_e, layout_basic
D:2:      cheibrodos_greedy_goblins, layout_loops_ring,
          nicolae_gozag_cash_rules_everything_around_me
D:3:      minmay_angry_zag, layout_rooms, kennysheep_generic_room_11
D:4:      layout_loops_ring, overflow_temple_1_default, st_stairs_4,
          grunt_decor_resistance
D:7:      layout_loops_ring, tgw_sif, minmay_temple_entry_statues_pillars,
          hangedman_decor_riveting

Skill      XL: |  1  2  3  4  5  6  7 |
---------------+----------------------+-----
Armour         | 1 2 3 4 |  4.2
Poison Magic   | 5 6 |  6.9
Shields        | 1 2 |  2.8
Fighting       | 1 2 3 |  3.3
Dodging        | |  1.8
Stealth        | |  2.4
Spellcasting   | |  2.4
Transmutations | |  1.1

Action                   |  1- 3 |  4- 6 |  7- 9 || total
-------------------------+-------+-------+-------++-------
Melee: Unarmed           |     2 |       |       ||     2
       Short sword       |    18 |       |       ||    18
       Whip              |    19 |       |       ||    19
       Rapier            |    13 |   205 |    74 ||   292
 Cast: Sting             |    21 |    18 |     5 ||    44
       Olgreb's Toxic Ra |       |       |     1 ||     1
Invok: Potion Petition   |       |       |     1 ||     1
 Abil: Shaft Self        |       |       |     1 ||     1
  Use: Potion            |       |       |    10 ||    10
       Scroll            |       |       |     2 ||     2
 Stab: Sleeping          |     2 |       |       ||     2
Armor: Robe              |     4 |       |       ||     4
       Ring mail         |    24 |    87 |    20 ||   131
Dodge: Dodged            |    61 |   112 |    35 ||   208
Block: Buckler           |       |    44 |     1 ||    45
       Kite shield       |       |       |    33 ||    33

Table legend: (Time is in decaauts)
 A = Elapsed time spent in this place.
 B = Non-inter-level travel time spent in this place.
 C = Inter-level travel time spent in this place.
 D = Time resting spent in this place.
 E = Time spent auto-exploring this place.
 F = Levels seen in this place.
 G = Mean time per level.
                   A        B        C        D        E       F      G
               +--------+--------+--------+--------+--------+-----+--------+
         Total |   5408 |   5221 |    187 |    598 |   3571 |   5 | 1081.6 |
       Dungeon |   5408 |   5221 |    187 |    598 |   3571 |   5 | 1081.6 |
               +--------+--------+--------+--------+--------+-----+--------+

Top non-repeatable levels by time:
     D:2: 1590 daAuts
     D:3: 1267 daAuts
     D:1: 1233 daAuts
     D:4: 816 daAuts
     D:7: 500 daAuts
